Unix NetHack Version 5.0.0-0 post-release - last build Jun 10 2026 00:39:30 (3ee93aec679c4c4259841fe613dc97188e26a321,branch:main).

Game began 2026-06-09 16:11:07, ended 2026-06-10 07:59:31.

BatBeefs, neutral female human Tourist

                        -----------       -----------
                        |.........|     ---....|....|
                        |.........|     |>...``|``..|
                        |.........|     ---......`..|
                        |....<....|       |....|....|
                        |.........|      ---------.-|
                        |.........|      |.....|.`..|
                        |.........|      |....`|O``.|
                        |.........|      |......`@d.|
                        |+----------------....`|``..|
                        |.^^^^^^^^.......^.....|=...|
                        -----------------------------

BatBeefs the Peregrinatrix  St:18/01 Dx:14 Co:17 In:15 Wi:12 Ch:11  Neutral
Dlvl:8  $:0  HP:0(84) Pw:34(34) AC:-5 Xp:10/6601 T:22849  Burdened

Latest messages:
 With great effort you move the boulder.
 You hit the floating eye!
 You are frozen by the floating eye's gaze!
 You can move again.
 In what direction? b
 The dart hits the floating eye!
 In what direction? b
 You kill the floating eye!
 With great effort you move the boulder.
 With great effort you move the boulder.
 The boulder suddenly rolls away from you!
 You hear a boulder fall.
 You see here a +2 dart.
 You have a little trouble lifting t - a +2 dart (at the ready) (12 in total).
 With great effort you move the boulder.
 The boulder suddenly rolls away from you!
 You hear a boulder fall.
 With great effort you move the boulder.
 With great effort you move the boulder.
 You hear a monster behind the boulder.
 Perhaps that's why you cannot move it.
 With great effort you move the boulder.
 You hit the ogre king!
 The ogre king swings his club.
 The ogre king misses!
 The ogre king swings his club.
 The ogre king hits!
 The ogre king swings his club.
 The ogre king hits!
 You hit the ogre king!
 The ogre king swings his club.
 The ogre king hits!
 You hit the ogre king!
 The ogre king swings his club.
 The ogre king misses!
 You hit the ogre king!
 The ogre king swings his club.
 The ogre king hits!
 The ogre king swings his club.
 The ogre king hits!
 The ogre king swings his club.
 The ogre king hits!
 The ogre king swings his club.
 The ogre king hits!
 You die...
 Do you want your possessions identified? [ynq] (y) y
 Do you want to see your attributes? [ynq] (y) y
 Do you want an account of creatures vanquished? [ynaq] (y) y
 Do you want to see your conduct and achievements? [ynq] (y) y
 Do you want to see the dungeon overview? [ynq] (y) n

Inventory:
 Amulets  ('"')
  g - an uncursed amulet of life saving
  X - an uncursed amulet of unchanging (being worn)
 Weapons  (')')
  t - 12 +2 darts (at the ready)
  F - a corroded +2 dart
  f - a blessed +1 dagger
  y - a +1 dagger
  Z - 9 +0 daggers
  a - a +5 elven dagger (weapon in left hand)
  w - 4 +0 elven daggers
  G - 4 +0 orcish daggers
  z - a corroded +0 orcish dagger
 Armor    ('[')
  I - a blessed rusty +3 orcish helm (being worn)
  Y - a blessed thoroughly rusty +3 pair of iron shoes (being worn)
  d - an uncursed rusty +0 large shield (being worn)
  S - an uncursed -1 cloak of protection (being worn)
  n - an uncursed +0 Hawaiian shirt with a hula dancer motif named original (being worn)
  L - an uncursed +0 dwarvish mithril-coat (being worn)
 Comestibles  ('%')
  V - 4 uncursed food rations
  C - an uncursed sprig of wolfsbane
  B - 2 uncursed tripe rations
  W - 2 uncursed lizard corpses
 Scrolls  ('?')
  v - 2 uncursed scrolls of teleportation
 Potions  ('!')
  H - an uncursed potion of healing
 Rings    ('=')
  M - an uncursed ring of fire resistance named tried
  r - a cursed -1 ring of gain strength named cursed
  k - an uncursed ring of slow digestion
  x - an uncursed ring of stealth (on left hand)
 Wands    ('/')
  K - a wand of create monster (0:15)
  i - a wand of digging named a merry chase (0:0)
  R - a wand of magic missile (0:2)
  E - a wand of probing named wtf (0:7)
  J - a wand of speed monster (0:5)
  O - a wand of striking (0:0)
  N - a wand of teleportation (0:6)
  U - a wand of undead turning named wtf (0:5)
 Tools    ('(')
  h - an uncursed bag of holding containing 17 items
  o - an uncursed blindfold
  s - an uncursed brass lantern
  j - an uncursed credit card named original
  P - an expensive camera (0:61)
  q - a magic marker (1:38)
  e - a +0 pick-axe
  c - an uncursed skeleton key
  D - an uncursed tin whistle
  p - a +0 unicorn horn
 Gems/Stones  ('*')
  b - an uncursed luckstone

Contents of the bag of holding:
  3 uncursed scrolls of blank paper
  2 uncursed scrolls of earth
  4 uncursed scrolls of magic mapping
  an uncursed scroll of teleportation
  an uncursed potion of blindness
  a cursed potion of object detection
  a potion of holy water
  a potion of unholy water
  an uncursed ring of polymorph
  a cursed -1 ring of protection
  an uncursed ring of searching named tried
  an uncursed ring of slow digestion named ~mine town
  an uncursed ring of slow digestion named tried
  an uncursed ring of slow digestion
  a +0 unicorn horn
  a +0 unicorn horn
  5 uncursed wax candles

BatBeefs the Tourist's attributes:

Background:
 You were a Peregrinatrix, a level 10 female human Tourist.
 You were neutral, on a mission for The Lady
 who was opposed by Blind Io (lawful) and Offler (chaotic).
 You were left-handed.
 You were in Sokoban, on level 8.
 You entered the dungeon 22849 turns ago.
 You had 6601 experience points, 3399 more were needed to attain level 11.

Basics:
 You had 0 out of 84 hit points.
 You had all 34 energy points (spell power).
 Your armor class was -5.
 Your wallet was empty.
 Autopickup was off.

Final Characteristics:
 Your strength was 18/01 (limit:18/100).
 Your dexterity was 14 (peak:15, limit:18).
 Your constitution was 17 (limit:18).
 Your intelligence was 15 (limit:18).
 Your wisdom was 12 (limit:18).
 Your charisma was 11 (limit:18).

Final Status:
 You weren't hungry.
 You were burdened; movement was slightly slowed.
 You were wielding a dagger.
 You had expert skill with dagger.

Final Attributes:
 You were piously aligned.
 You were cold resistant.
 You were sleep resistant.
 You were poison resistant.
 You saw invisible.
 You were telepathic.
 You had automatic searching.
 You were stealthy.
 You were protected.
 You couldn't change from your current form.
 You were lucky.
 You had extra luck.
 Bad luck did not time out for you.
 Good luck did not time out for you.
 You are dead.

Miscellaneous:
 You didn't encounter any bones levels.
 Total elapsed playing time was 6 hours, 11 minutes and 6 seconds.

Major events:
 Turn
    1: BatBeefs the neutral female human Tourist entered the dungeon
 1735: attained the rank of Sightseer (level 3)
 3561: was bestowed with Ogresmasher by The Lady
 6532: entered the Gnomish Mines
 7447: attained the rank of Excursionist (level 6)
 8856: reached Mine Town
17121: declined to perform genocide
20686: attained the rank of Peregrinatrix (level 10)
21992: entered Sokoban
22430: completed 1st Sokoban level
22849: killed by an ogre king

You didn't know any spells.

Skills:
 Fighting Skills
   bare handed combat [Unskilled]
   two weapon combat  [Unskilled]
   riding             [Unskilled]
 Weapon Skills
   dagger             [Expert]
   knife              [Unskilled]
   axe                [Unskilled]
   pick-axe           [Unskilled]
   short sword        [Unskilled]
   broadsword         [Unskilled]
   long sword         [Unskilled]
   two-handed sword   [Unskilled]
   saber              [Unskilled]
   mace               [Unskilled]
   morning star       [Unskilled]
   flail              [Unskilled]
   hammer             [Unskilled]
   quarterstaff       [Unskilled]
   polearms           [Unskilled]
   spear              [Unskilled]
   trident            [Unskilled]
   lance              [Unskilled]
   bow                [Unskilled]
   sling              [Unskilled]
   crossbow           [Unskilled]
   dart               [Basic]
   shuriken           [Unskilled]
   boomerang          [Unskilled]
   whip               [Unskilled]
   unicorn horn       [Unskilled]
 Spellcasting Skills
   divination spells  [Unskilled]
   enchantment spells [Unskilled]
   escape spells      [Unskilled]

Voluntary challenges:
 Character rerolling was not enabled.
 You never genocided any monsters.
 You never polymorphed an object.
 You never changed form.
 You used no wishes.
 You did not violate any of the special Sokoban rules.
Achievements:
 You attained the rank of Sightseer.
 You entered a shop.
 You entered the Gnomish Mines.
 You attained the rank of Excursionist.
 You entered Minetown.
 You entered a temple.
 You attained the rank of Peregrinatrix.
 You entered Sokoban.

 The Dungeons of Doom: levels 1 to 10
    Level 1: "vault"
       An altar to The Lady.
    Level 2:
    Level 3:
       A general store, a fountain, a sink.
       Stairs down to The Gnomish Mines.
    Level 4: "vault, shoppe"
       A general store.
    Level 5:
       An armor shop.
    Level 6:
       A general store.
    Level 7:
    Level 8:
    Level 9:
       A fountain.
    Level 10:
       Stairs up to Sokoban, level 9.
 The Gnomish Mines: levels 4 to 7
    Level 4:
    Level 5:
    Level 6:
    Level 7:
       Many shops, a temple and an altar, many fountains.
 Sokoban: levels 9 up to 8
    Level 8: <- You were here.
       Unsolved.
       Final resting place for
          you, killed by an ogre king.
    Level 9:
       Solved.


Vanquished creatures:
  a large mimic
  2 water demons
  7 small mimics
  2 warhorses
  a gelatinous cube
  2 ochre jellies
  a python
  a watchman
 an amorous demon
  2 quivering blobs
  2 cockatrices
  3 wolves
  8 winter wolf cubs
  6 leprechauns
  2 iron piercers
  a giant spider
  a scorpion
  2 horses
 an ice vortex
  a vampire bat
  a gnome ruler
 an orc mummy
  a dwarf mummy
 an ogre
  2 brown puddings
  a rust monster
  3 owlbears
  4 yetis
  a werewolf
  2 Green-elves
  3 lizards
  a chickatrice
  2 dingoes
  2 housecats
  4 dwarf leaders
  a blue jelly
  a white unicorn
  a gray unicorn
  a black unicorn
  3 dust vortices
  4 ravens
  2 plains centaurs
  a gnome mummy
  a snake
  2 apes
  9 human zombies
  6 Woodland-elves
  2 soldier ants
  2 bugbears
  3 water nymphs
  a mountain nymph
  3 Mordor orcs
  3 orc shamans
  a rock piercer
  a rock mole
  2 ponies
  4 yellow lights
  4 shriekers
  4 violet fungi
 11 gnome leaders
  3 gnomish wizards
  3 kobold mummies
  a gray ooze
  2 barrow wights
  3 elf zombies
  a straw golem
  2 paper golems
 12 giant ants
  2 little dogs
  7 floating eyes
  2 kittens
 13 dwarves
  4 homunculi
  2 kobold leaders
  2 kobold shamans
  3 hill orcs
 16 rothes
  a rabid rat
  a centipede
  3 giant bats
  8 orc zombies
  6 dwarf zombies
  a wererat
  4 werejackals
 11 iguanas
 11 killer bees
  2 acid blobs
 10 coyotes
  2 gas spores
  8 hobbits
  2 manes
  a large kobold
  3 hobgoblins
  6 giant rats
  a cave spider
  4 brown molds
  2 yellow molds
  2 green molds
  4 red molds
 37 gnomes
  5 garter snakes
  a gnome zombie
  9 geckos
 20 jackals
  4 foxes
  3 kobolds
  8 goblins
  9 sewer rats
 23 grid bugs
  3 bats
 13 lichens
  3 kobold zombies
 19 newts
477 creatures vanquished.

No species were genocided or became extinct.

Game over:
                       ----------
                      /          \
                     /    REST    \
                    /      IN      \
                   /     PEACE      \
                  /                  \
                  |     BatBeefs     |
                  |       0 Au       |
                  |   killed by an   |
                  |    ogre king     |
                  |                  |
                  |                  |
                  |       2026       |
                 *|     *  *  *      | *
        _________)/\\_//(\/(/\)/\//\/|_)_______

Aloha BatBeefs the Tourist...

You died in Sokoban on dungeon level 8 with 27024 points,
and 0 pieces of gold, after 22849 moves.
You were level 10 with a maximum of 84 hit points when you died.

